 Dungeon Crawl Stone Soup version 0.31-a0-691-g409c26aa35 (webtiles) character file.

Game seed: 3759552231218123847

448 qw the Shooter (level 7, 0/43 HPs)
             Began as a Gargoyle Hunter on Sept 6, 2023.
             Slain by an orc
             ... wielding a +0 war axe
              (5 damage)
             ... on level 4 of the Dungeon.
             The game lasted 00:01:22 (2930 turns).

qw the Shooter (Gargoyle Hunter)                    Turns: 2930, Time: 00:01:22

Health: 0/43       AC: 10    Str: 15    XL:     7   Next: 3%
Magic:  2/2        EV: 17    Int:  9    God:
Gold:   149        SH:  0    Dex: 17    Spells: 6/6 levels left

rFire   . . .        b - +2 sling of Luxury {antimagic, Dex+2}
rCold   . . .        (no shield)
rNeg    + . .        d - +2 animal skin
rPois   inf          g - +0 helmet
rElec   +            (no cloak)
rCorr   .            h - +0 pair of gloves
SInv    .            (no boots)
Will    .....        (no amulet)
Stlth   ++           e - +5 ring of evasion
HPRegen 0.27/turn    (no ring)
MPRegen 0.08/turn

%: no passive effects
@: no status effects
A: sickness immunity, AC +4, negative energy resistance 1, electricity
resistance, torment resistance 1, petrification resistance
a: no special abilities


You were on level 4 of the Dungeon.
You visited 1 branch of the dungeon, and saw 4 of its levels.

You collected 207 gold pieces.
You spent 58 gold pieces at shops.


Innate Abilities, Weirdness & Mutations

You are immune to sickness and miasma.
Your stone body is resilient. (AC +4)
You are immune to poison.
You resist negative energy. (rN+)
You are resistant to electric shocks. (rElec)
You are resistant to unholy torment.
You are immune to petrification.


   Skills:
 - Level 4.0 Fighting
 + Level 7.2 Ranged Weapons
 - Level 1.0 Armour
 - Level 2.0 Dodging
 - Level 1.1 Stealth


You had 6 spell levels left.
You didn't know any spells.
Your spell library was empty.

Inventory:

Hand Weapons
 b - the +2 sling of Luxury (weapon) {antimagic, Dex+2}
   (You found it on level 2 of the Dungeon)

   Dex+2:     It affects your dexterity (+2).
Armour
 d - a +2 animal skin (worn)
 g - a +0 helmet (worn)
 h - a +0 pair of gloves (worn)
Jewellery
 e - a +5 ring of evasion (left hand)
Scrolls
 c - 2 scrolls of identify
Potions
 a - 2 potions of haste
 f - a potion of attraction {unknown}
 i - a potion of enlightenment {unknown}

Dungeon Overview and Level Annotations

Branches:
Dungeon (4/15)
 Temple: D:4-7

Altars:
Elyvilon
Wu Jian

Shops:
D:3 [


Message History

You shoot a sling bullet. The sling bullet hits the adder.
The adder is almost dead.
The orc hits you but does no damage. The orc hits you with a +0 dagger.
The orc misses you. The endoplasm hits you. The adder closely misses you.
You shoot a sling bullet.
The sling bullet barely misses the adder.
The sling bullet hits the ball python!
You kill the ball python!
The orc misses you. The orc completely misses you. The orc closely misses you.
The endoplasm freezes you.
You are frozen.
The adder misses you.
You shoot a sling bullet. The sling bullet hits the adder.
You kill the adder!
The endoplasm freezes you.
You are frozen.
The orc hits you with a +0 dagger. The orc closely misses you.
The orc barely misses you.
You shoot a sling bullet. The sling bullet hits the endoplasm.
The endoplasm is heavily wounded.
The endoplasm misses you. The orc hits you but does no damage.
The orc misses you. The orc closely misses you.
You shoot a sling bullet. The sling bullet hits the endoplasm.
You kill the endoplasm!
The orc misses you. The orc closely misses you.
The orc hits you with a +0 dagger.
You shoot a sling bullet. The sling bullet hits the orc!
You kill the orc!
The orc closely misses you. The orc misses you.
You shoot a sling bullet. The sling bullet hits the orc!
You kill the orc!
The orc misses you.
You shoot a sling bullet.
The sling bullet hits the orc but does no damage.
The orc misses you.
You shoot a sling bullet. The sling bullet hits the orc.
The orc is lightly wounded.
The orc closely misses you.
You shoot a sling bullet. The sling bullet hits the orc.
The orc is moderately wounded.
The orc hits you with a +0 war axe.
You die...

.......<........... ...
##..>..........)... #..#
##...#.##.........
#...........##..........
...........####..#####..
......##.....##.#### #..
......##.##.....##.##...
......)o.##......#......
.....%%@.##.(##....##.#
......)#.#...##.......#
.......#....######...##
......##.....###......#
#........##........#....
..####.#..##....#.####..
# ###......#.### ..
#..###.#.# .^ #... .....
#


You could see an orc.

Vanquished Creatures
  A centaur (D:4)
  2 hounds
  A gnoll bouda (D:3)
  An iguana (D:3)
  Robin (D:2)
  8 adders
  7 gnolls
  2 worms (D:2)
  4 dart slugs
  3 orcs
  4 bats
  7 endoplasms
  3 giant cockroaches
  19 goblins
  5 hobgoblins
  4 jackals (D:2)
  6 kobolds
  3 quokkas
  8 ball pythons
  4 frilled lizards
  7 rats
100 creatures vanquished.

Notes
Turn   | Place    | Note
-------+----------+-------------------------------------------
     0 | D:1      | qw the Gargoyle Hunter began the quest for the Orb.
     0 | D:1      | Reached XP level 1. HP: 12/12 MP: 1/1
     0 | D:1      | 0 ||| qw: Version: 0.3-a-76-g4403597
     0 | D:1      | 0 ||| qw: Game counter: 244
     0 | D:1      | 0 ||| qw: Melee chars always use a shield: true
     0 | D:1      | 0 ||| qw: God list: Okawaru
     0 | D:1      | 0 ||| qw: Allow faded altars: false
     0 | D:1      | 0 ||| qw: Do Orc after clearing Dungeon:15 true
     0 | D:1      | 0 ||| qw: Do second Lair branch before Depths: true
     0 | D:1      | 0 ||| qw: Lair rune preference: random
     0 | D:1      | 0 ||| qw: Goals: Normal
     0 | D:1      | 0 ||| PLANNING D:1-11
   143 | D:1      | Reached XP level 2. HP: 16/17 MP: 2/2
   817 | D:1      | Reached XP level 3. HP: 21/21 MP: 3/3
   819 | D:1      | 819 ||| UPGRADING to +0 ring mail.
   829 | D:1      | 829 ||| DROPPING +0 leather armour.
   830 | D:1      | 830 ||| UPGRADING to +5 ring of evasion.
   831 | D:1      | 831 ||| DROPPING +6 ring of intelligence.
   832 | D:1      | 832 ||| READING scroll labelled URPHUESM FEUHI.
   833 | D:1      | 833 ||| READING scroll labelled WUMUQA ASTRI.
   834 | D:1      | 834 ||| DROPPING scroll of butterflies.
   936 | D:2      | Identified the +2 sling of Luxury {antimagic, Dex+2}
   938 | D:2      | 938 ||| SWAPPING to +2 sling of Luxury {antimagic, Dex+2}.
   939 | D:2      | 939 ||| DROPPING +0 shortbow.
  1014 | D:2      | Reached skill level 1 in Armour
  1022 | D:2      | Reached skill level 5 in Ranged Weapons
  1044 | D:2      | Reached XP level 4. HP: 27/27 MP: 1/4
  1085 | D:2      | Found a faded altar of an unknown god.
  1163 | D:2      | Reached skill level 3 in Fighting
  1163 | D:2      | 1163 ||| FLEEEEING.
  1166 | D:2      | 1166 ||| FLEEEEING.
  1167 | D:2      | 1167 ||| FLEEEEING.
  1168 | D:2      | 1168 ||| FLEEEEING.
  1169 | D:2      | 1169 ||| FLEEEEING.
  1170 | D:2      | 1170 ||| FLEEEEING.
  1171 | D:2      | 1171 ||| FLEEEEING.
  1175 | D:2      | 1175 ||| FLEEEEING.
  1176 | D:2      | 1176 ||| FLEEEEING.
  1177 | D:2      | 1177 ||| FLEEEEING.
  1178 | D:2      | 1178 ||| FLEEEEING.
  1179 | D:2      | 1179 ||| FLEEEEING.
  1180 | D:2      | 1180 ||| FLEEEEING.
  1181 | D:2      | 1181 ||| FLEEEEING.
  1182 | D:2      | 1182 ||| FLEEEEING.
  1183 | D:2      | 1183 ||| FLEEEEING.
  1184 | D:2      | 1184 ||| FLEEEEING.
  1185 | D:2      | 1185 ||| FLEEEEING.
  1186 | D:2      | 1186 ||| FLEEEEING.
  1187 | D:2      | 1187 ||| FLEEEEING.
  1188 | D:2      | 1188 ||| FLEEEEING.
  1189 | D:2      | 1189 ||| FLEEEEING.
  1190 | D:2      | 1190 ||| FLEEEEING.
  1326 | D:2      | 1326 ||| RETREATING.
  1354 | D:2      | Reached XP level 5. HP: 21/32 MP: 1/5
  1410 | D:2      | Noticed Robin
  1417 | D:2      | Killed Robin
  1722 | D:2      | Reached skill level 6 in Ranged Weapons
  1910 | D:2      | 1910 ||| UPGRADING to +2 animal skin.
  1920 | D:2      | 1920 ||| DROPPING +0 ring mail.
  1921 | D:2      | 1921 ||| UPGRADING to +0 helmet.
  1926 | D:2      | 1926 ||| READING 2 scrolls labelled BIAW EFUAL.
  1927 | D:2      | 1927 ||| READING scroll labelled TYAKKY AMOA.
  1928 | D:2      | 1928 ||| DROPPING scroll of revelation.
  2041 | D:3      | 2041 ||| RETREATING.
  2045 | D:3      | 2045 ||| Stepping ~*~*~tactically~*~*~ (retreating).
  2046 | D:3      | 2046 ||| Stepping ~*~*~tactically~*~*~ (retreating).
  2047 | D:3      | 2047 ||| Stepping ~*~*~tactically~*~*~ (retreating).
  2299 | D:3      | Reached XP level 6. HP: 38/38 MP: 2/6
  2403 | D:3      | Found an ornate altar of the Wu Jian Council.
  2405 | D:3      | Found a white marble altar of Elyvilon.
  2482 | D:3      | Found Akkutona's Armour Shoppe.
  2494 | D:3      | 2494 ||| BUYING +0 pair of gloves (58 gold).
  2494 | D:3      | Bought a +0 pair of gloves for 58 gold pieces
  2494 | D:3      | 2494 ||| SHOPLISTING +2 helmet of intelligence (279 gold,
                  | have 123).
  2494 | D:3      | 2494 ||| SHOPLISTING +2 ring mail of fire resistance (273
                  | gold, have 123).
  2768 | D:3      | 2768 ||| UPGRADING to +0 pair of gloves.
  2773 | D:3      | 2773 ||| READING 2 scrolls of identify.
  2773 | D:3      | 2773 ||| IDENTIFYING murky sapphire potion
  2818 | D:4      | 2818 ||| STAIRDANCE
  2842 | D:4      | 2842 ||| STAIRDANCE
  2902 | D:4      | Reached skill level 7 in Ranged Weapons
  2902 | D:4      | 2902 ||| FLEEEEING.
  2918 | D:4      | Reached XP level 7. HP: 11/43 MP: 2/7
  2921 | D:4      | HP: 10/43 [orc/+0 dagger (1)]
  2923 | D:4      | HP: 4/43 [orc/+0 dagger (2)]
  2930 | D:4      | Slain by an orc

Levels and vault maps discovered:
D:1:      dpeg_arrival_prison, layout_basic
D:2:      layout_basic, hellmonk_ecumenical_altar_heavens_door, uniq_robin
D:3:      layout_loops_cross, gammafunk_temple_overflow_pools, serial_shops,
          shop, lemuel_flame_loot_1
D:4:      layout_cave_pools, minmay_misc_feat_five

Skill      XL: |  1  2  3  4  5  6 |
---------------+-------------------+-----
Armour         | 1 |  1.0
Ranged Weapons | 5 6 7 |  7.2
Fighting       | 3 4 |  4.0
Dodging        | 2 |  2.0
Stealth        | |  1.1

Action                     |  1- 3 |  4- 6 |  7- 9 || total
---------------------------+-------+-------+-------++-------
   Fire: Shortbow          |    77 |       |       ||    77
         Sling             |    39 |   187 |    13 ||   239
    Use: Scroll            |     2 |     3 |       ||     5
 Armour: Leather armour    |    10 |       |       ||    10
         Ring mail         |    17 |    24 |       ||    41
         Animal skin       |       |    22 |    12 ||    34
  Dodge: Dodged            |    69 |   100 |    30 ||   199

Table legend:
 A = Non-vault XP
 B = Vault XP
 C = Vault XP percentage of total XP
 D = Non-vault monster count
 E = Vault monster count
 F = Vault count percentage of total count
                 A         B        C        D         E       F
            +---------+---------+-------+---------+---------+-------
      Total |     607 |      33 |   5.2 |      89 |      11 |  11.0
            +---------+---------+-------+---------+---------+-------
        D:1 |      30 |       5 |  14.3 |      18 |       3 |  14.3
        D:2 |     150 |      28 |  15.7 |      33 |       8 |  19.5
        D:3 |     220 |       0 |   0.0 |      27 |       0 |   0.0
        D:4 |     207 |       0 |   0.0 |      11 |       0 |   0.0
            +---------+---------+-------+---------+---------+-------
